 Dungeon Crawl Stone Soup version 0.27.1-34-g3ba077fa99 (webtiles) character file.

Game seed: 18096809280146624787

562 chibimon the Digger (level 7, -5/84 HPs)
             Began as a Red Draconian Earth Elementalist on Jan 9, 2022.
             Slain by a water moccasin (6 damage)
             ... on level 4 of the Dungeon.
             The game lasted 00:20:58 (4672 turns).

chibimon the Digger (DrEE)                          Turns: 4672, Time: 00:20:59

Health: -5/84      AC:  6    Str: 10    XL:     7   Next: 10%
Magic:  11/11      EV: 11    Int: 17    God:
Gold:   92         SH:  4    Dex: 12    Spells: 4/12 levels left

rFire    + . .     SeeInvis .   f - +0 trident
rCold    . . .     Faith    .   c - +0 buckler
rNeg     . . .     Spirit   .   (armour unavailable)
rPois    .         Reflect  .   (helmet restricted)
rElec    .         Harm     .   (no cloak)
rCorr    .         Rampage  .   (no gloves)
Will     .....                  (no boots)
Stlth    ..........             (no amulet)
HPRegen  0.24/turn              (no ring)
MPRegen  0.12/turn              (no ring)

@: berserking (expiring), lethally poisoned (-5 -> -25), short of breath, very
quick
A: breathe fire, AC +6, unfitting armour, fire resistance 1, cold-blooded
a: Breathe Fire


You were on level 4 of the Dungeon.
You visited 2 branches of the dungeon, and saw 5 of its levels.

You collected 92 gold pieces.

Inventory:

Hand Weapons
 f - a +0 trident (weapon)
Missiles
 b - 48 stones
Armour
 c - a +0 buckler (worn)
Jewellery
 e - an amulet of faith
Wands
 d - a wand of flame (15)
Scrolls
 h - a scroll of identify


   Skills:
 + Level 2.6 Fighting
 - Level 2.0 Dodging
 - Level 2.0 Stealth
 + Level 1.5 Shields
 + Level 3.3 Spellcasting
 * Level 3.4 Conjurations
 + Level 2.0 Hexes
 - Level 1.3 Transmutations
 * Level 4.7 Earth Magic


You had 4 spell levels left.
You knew the following spells:

 Your Spells              Type           Power      Damage    Failure   Level
a - Sandblast             Erth           38%        2d10      3%          1
b - Passwall              Tmut/Erth      10%        N/A       10%         2
c - Searing Ray           Conj           28%        3d4       9%          2
d - Stone Arrow           Conj/Erth      32%        3d9       13%         3

Your spell library contained the following spells:

 Spells                   Type           Power      Damage    Failure   Level
 Magic Dart               Conj           56%        1d5       6%          1
 Petrify                  Tmut/Erth      13%        N/A       54%         4
 Fulminant Prism          Conj/Hex       6%         3d7       58%         4
 Passage of Golubria      Tloc           N/A        N/A       93%         4
 Silence                  Hex/Air        3%         N/A       99%         5
 Lehudib's Crystal Spear  Conj/Erth      8%         10d3      100%        8


Dungeon Overview and Level Annotations

Branches:
Dungeon (4/15)             Temple (1/1) D:4

Altars:
Ashenzari
Dithmenos
Fedhas
Kikubaaqudgha
Makhleb
Nemelex Xobeh
Ru
Sif Muna
Trog
Wu Jian
Xom
Yredelemnul
Zin
The Shining One


Innate Abilities, Weirdness & Mutations

You can breathe blasts of fire.
Your fiery red scales are hard. (AC +6)
You cannot fit into any form of body armour.
Your flesh is heat resistant. (rF+)
You are cold-blooded and may be slowed by cold attacks.


Message History

The water moccasin is heavily wounded.
* * * LOW HITPOINT WARNING * * *
You feel very sick. The water moccasin bites you.
* * * LOW HITPOINT WARNING * * *
The water moccasin bites you.
* * * LOW HITPOINT WARNING * * *
* * * LOW HITPOINT WARNING * * *
You feel very sick.
The water moccasin bites you but does no damage.
You feel a strong urge to attack something.
* * * LOW HITPOINT WARNING * * *
You feel very sick. The water moccasin bites you.
* * * LOW HITPOINT WARNING * * *
You are more poisoned.
The water moccasin poisons you!
You are too berserk!
You are too injured to fight recklessly!
You are too confused!
You are too injured to fight recklessly!
You barely miss the water moccasin.
The water moccasin is heavily wounded.
You feel less invigorated.
You feel less confused.
* * * LOW HITPOINT WARNING * * *
You feel extremely sick. You block the water moccasin's attack.
You hit the water moccasin.
The water moccasin is heavily wounded.
* * * LOW HITPOINT WARNING * * *
You feel very sick. The water moccasin barely misses you.
Unknown command.
You miss the water moccasin.
The water moccasin is heavily wounded.
* * * LOW HITPOINT WARNING * * *
You feel very sick. The water moccasin bites you.
You die...

##### #$.. ##.##
###...## ###......#####
###...#.........
###..@.........####
##....S.........#.#
#..##.#.........#.#
######## #.#
#.#.##....###.# .......#
#.# #.#.##........#
######.# #.#
#.#.##........#
#.####.###.#.###...###.#
#....>.....#.####### .#
###########.#####...# ..


You could see a water moccasin.

Vanquished Creatures
  Duvessa (D:4)
  An ogre (D:4)
  Dowan (D:4)
  A jelly (D:4)
  An orc priest (D:3)
  Terence (D:2)
  An orc wizard (D:3)
  A gnoll (D:1)
  11 adders
  An adder skeleton (D:4)
  3 dart slugs
  7 orcs (D:3)
  12 endoplasms
  6 giant cockroaches
  2 goblins
  6 hobgoblins
  2 jackals (D:3)
  7 kobolds
  A quokka (D:3)
  6 ball pythons
  7 bats
  11 frilled lizards (D:1)
  A rat (D:1)
91 creatures vanquished.

Vanquished Creatures (others)
  5 plants
5 creatures vanquished.

Grand Total: 96 creatures vanquished

Notes
Turn   | Place    | Note
-------+----------+-------------------------------------------
     0 | D:1      | chibimon the Draconian Earth Elementalist began the quest
                  | for the Orb.
     0 | D:1      | Reached XP level 1. HP: 14/14 MP: 3/3
   352 | D:1      | Reached XP level 2. HP: 22/22 MP: 3/5
   553 | D:1      | Found a faded altar of an unknown god.
   643 | D:1      | Learned a level 2 spell: Passwall
   646 | D:1      | Learned a level 2 spell: Searing Ray
   863 | D:1      | Reached skill level 1 in Fighting
   863 | D:1      | Reached XP level 3. HP: 25/28 MP: 0/6
  1143 | D:1      | Reached skill level 1 in Conjurations
  1629 | D:2      | Reached XP level 4. HP: 35/35 MP: 7/7
  1968 | D:2      | Noticed Terence
  1990 | D:2      | Killed Terence
  1991 | D:2      | Reached skill level 1 in Hexes
  2008 | D:2      | Learned a level 3 spell: Stone Arrow
  2229 | D:2      | Reached XP level 5. HP: 40/40 MP: 9/9
  2910 | D:3      | Reached skill level 4 in Earth Magic
  3713 | D:4      | Reached XP level 6. HP: 46/48 MP: 4/10
  3866 | D:4      | Found a staircase to the Ecumenical Temple.
  3904 | Temple   | Entered the Ecumenical Temple
  4067 | D:4      | Noticed Duvessa
  4255 | D:4      | Reached skill level 1 in Shields
  4298 | D:4      | Noticed Dowan
  4303 | D:4      | Killed Duvessa
  4317 | D:4      | Killed Dowan
  4318 | D:4      | Your scales start taking on a fiery red colour.
  4318 | D:4      | Reached XP level 7. HP: 11/56 MP: 0/11
  4318 | D:4      | Gained mutation: Your flesh is heat resistant. (rF+) [Red
                  | Draconian growth]
  4671 | D:4      | HP: 4/84 [poisoned by a water moccasin]
  4672 | D:4      | HP: 1/84 [poisoned by a water moccasin]
  4672 | D:4      | Slain by a water moccasin

Illustrated notes

Levels and vault maps discovered:
D:1:      lightli_arrival_statuegarden, layout_basic,
          hellmonk_ecumenical_altar_lost_god, minmay_lizard_king
D:2:      layout_loops_ring, serial_forest, infiniplex_forest_lined_1,
          infiniplex_forest_lined_corner, infiniplex_forest_diagonal,
          infiniplex_forest_clump_curved, infiniplex_forest_clump_large,
          infiniplex_forest_clump_C, kennysheep_generic_room_5, uniq_terence
D:3:      layout_basic
D:4:      layout_loops_ring, minmay_temple_entry_crystal_x, minivault_5,
          moated_statue, bh_walls_and_bars, uniq_duvessa
Temple:   zaba_magenta_temple

Skill      XL: |  1  2  3  4  5  6 |
---------------+-------------------+-----
Dodging        | 2 |  2.0
Stealth        | 2 |  2.0
Fighting       | 1 2 |  2.6
Conjurations   | 1 2 3 |  3.4
Hexes          | 1 2 |  2.0
Earth Magic    | 4 |  4.7
Spellcasting   | 3 |  3.3
Shields        | 1 |  1.5
Transmutations | |  1.3

Action                   |  1- 3 |  4- 6 |  7- 9 || total
-------------------------+-------+-------+-------++-------
Melee: Unarmed           |    11 |       |       ||    11
       Tailslap          |    10 |     4 |       ||    14
       Great sword       |    85 |    18 |       ||   103
       Hand axe          |       |    14 |       ||    14
       Trident           |       |    26 |     9 ||    35
 Cast: Sandblast         |    28 |    25 |       ||    53
       Searing Ray       |     1 |    12 |     1 ||    14
       Stone Arrow       |       |       |     5 ||     5
 Abil: Breathe Fire      |       |       |     1 ||     1
  Use: Scroll            |       |     4 |       ||     4
       Potion            |       |     3 |     2 ||     5
 Stab: Sleeping          |     1 |     3 |     3 ||     7
Armor: Skin              |    47 |    38 |     5 ||    90
Dodge: Dodged            |    95 |    49 |     8 ||   152
Block: Buckler           |       |     4 |     2 ||     6
       Rpst.: Great sword |    24 |     4 |       ||    28
